 Dungeon Crawl Stone Soup version 0.26-a0-572-g753d7e3450 (webtiles) character file.

Game seed: 16401239852502466173

452 Gargoyl the Skirmisher (level 7, 0/59 HPs)
             Began as a Gnoll Abyssal Knight on Aug 21, 2020.
             Was a Believer of Lugonu.
             Slain by Sigmund
             ... wielding a +3 scythe of distortion
              (3 damage)
             ... on level 3 of the Dungeon.
             The game lasted 00:05:17 (2849 turns).

Gargoyl the Skirmisher (Gnoll Abyssal Knight)       Turns: 2849, Time: 00:05:18

Health: 0/59       AC:  9    Str: 17    XL:     7   Next: 4%
Magic:  0/10       EV: 13    Int: 14    God:    Lugonu [**....]
Gold:   190        SH:  0    Dex: 20    Spells: 10/10 levels left

rFire    . . .     SeeInvis .   l - +3 whip
rCold    . . .     Faith    .   (no shield)
rNeg     . . .     Spirit   +   g - +0 ring mail
rPois    .         Reflect  .   b - +0 helmet
rElec    .         Harm     .   (no cloak)
rCorr    .                      (no gloves)
MR       .....                  e - +1 pair of boots
Stlth    ++........             c - amulet of guardian spirit
HPRegen  0.19/turn              m - +6 ring of dexterity
MPRegen  0.12/turn              (no ring)

@: no status effects
A: distributed training, fangs 1, strong nose
a: Depart the Abyss, Bend Space, Renounce Religion


You were on level 3 of the Dungeon.
You worshipped Lugonu.
Lugonu was pleased with you.
You visited 1 branch of the dungeon, and saw 3 of its levels.
You visited the Abyss 1 time.

You collected 190 gold pieces.

Inventory:

Hand Weapons
 a - a +1 hand axe
 l - a +3 whip (weapon)
Missiles
 n - 7 javelins (quivered)
Armour
 b - a +0 helmet (worn)
 e - a +1 pair of boots (worn)
 g - a +0 ring mail (worn)
Jewellery
 c - an amulet of guardian spirit (around neck)
 m - a +6 ring of dexterity (left hand)
Scrolls
 f - a scroll of identify
 o - a scroll of remove curse
 p - a scroll of fear {unknown}
Potions
 d - a potion of brilliance {unknown}
 h - a potion of experience {unknown}
 i - a potion of lignification {unknown}
 j - a potion of cancellation {unknown}
 k - 2 potions of curing {unknown}


   Skills:
 + Level 6.9 Fighting
 + Level 2.2 Short Blades
 + Level 2.2 Long Blades
 + Level 5.1 Axes
 + Level 2.2 Maces & Flails
 + Level 2.2 Polearms
 + Level 2.2 Staves
 + Level 2.2 Slings
 + Level 2.2 Bows
 + Level 2.2 Crossbows
 + Level 2.2 Throwing
 + Level 5.1 Armour
 + Level 3.4 Dodging
 + Level 2.2 Stealth
 + Level 2.2 Shields
 + Level 2.2 Unarmed Combat
 + Level 2.2 Spellcasting
 + Level 1.8 Conjurations
 + Level 1.8 Hexes
 + Level 1.8 Summonings
 + Level 1.8 Necromancy
 + Level 1.8 Translocations
 + Level 1.8 Transmutations
 + Level 1.8 Fire Magic
 + Level 1.8 Ice Magic
 + Level 1.8 Air Magic
 + Level 1.8 Earth Magic
 + Level 1.8 Poison Magic
 + Level 5.2 Invocations
 + Level 2.2 Evocations


You had 10 spell levels left.
You didn't know any spells.
Your spell library was empty.

Dungeon Overview and Level Annotations

Branches:
Dungeon (3/15)

Altars:

Annotations:
D:3 Sigmund


Innate Abilities, Weirdness & Mutations

Your experience applies equally to all skills.
You have very sharp teeth.
Your uncanny sense of smell can sniff out nearby items.


Message History

A goblin and Sigmund come into view.
Sigmund is wielding a +3 scythe of distortion.
Sigmund shouts!
The orc shouts!
Sigmund mumbles some strange words.
Sigmund flickers and vanishes!
Deactivating autopickup; reactivate with Ctrl-A.
The orc barely misses you.
You hit the orc but do no damage. Something hits you!
Space warps horribly around you!! The orc barely misses you.
Unknown command.
You barely miss the orc. The orc misses you. Something hits you!
Space warps horribly around you!
* * * LOW HITPOINT WARNING * * *
You barely miss the orc. You bite the orc, but do no damage.
Unknown command.
You hit the orc but do no damage. The orc barely misses you.
Something hits you!
* * * LOW HITPOINT WARNING * * *
Space bends around you.
You die...

..).........♣♣♣..
♣♣...# ....#####..♣#
♣.♣ #♣..# .#### ...♣
♣.♣ ♣..# ## .(.♣
#♣.♣# #♣..# .....
♣♣...♣♣ ♣♣...#
..>... ..... ♣....#
#.....♣♣ ... ♣♣...#
..♣# ♣o♣ #♣..# ♣@♣
♣♣♣ ♣..# #♣.♣# #♣.♣#
#♣..#
.♣♣♣...♣♣♣...♣♣♣..##
...................#
#...###.##....######
#...........###
#...######### #. #g


You could see an orc.

Vanquished Creatures
  Grinder (D:3)
  A centaur (D:2)
  Natasha (D:3)
  Robin (D:2)
  5 adders
  An ooze (D:2)
  3 worms (D:2)
  3 dart slugs
  2 leopard geckos (D:2)
  2 ball pythons
  2 giant cockroaches
  13 goblins
  14 hobgoblins
  3 kobolds
  2 quokkas (D:2)
  4 bats
  4 frilled lizards
  14 rats
76 creatures vanquished.

Vanquished Creatures (others)
  A goblin (D:2)
1 creature vanquished.

Grand Total: 77 creatures vanquished

Notes
Turn   | Place    | Note
-------+----------+-------------------------------------------
     0 | Abyss:1  | Gargoyl the Gnoll Abyssal Knight began the quest for the
                  | Orb.
     0 | Abyss:1  | Reached XP level 1. HP: 23/23 MP: 3/3
    65 | Abyss:1  | Noticed an ancient zyme
    90 | Abyss:1  | Noticed a rakshasa
    92 | D:1      | Escaped the Abyss
   481 | D:1      | Reached XP level 2. HP: 27/29 MP: 5/5
   607 | D:1      | Reached * piety under Lugonu
   995 | D:2      | Reached XP level 3. HP: 35/35 MP: 6/6
  1232 | D:2      | Noticed Robin
  1267 | D:2      | Killed Robin
  1267 | D:2      | Reached skill level 1 in Short Blades
  1267 | D:2      | Reached skill level 1 in Long Blades
  1267 | D:2      | Reached skill level 1 in Maces & Flails
  1267 | D:2      | Reached skill level 1 in Polearms
  1267 | D:2      | Reached skill level 1 in Staves
  1267 | D:2      | Reached skill level 1 in Slings
  1267 | D:2      | Reached skill level 1 in Bows
  1267 | D:2      | Reached skill level 1 in Crossbows
  1267 | D:2      | Reached skill level 1 in Throwing
  1267 | D:2      | Reached skill level 1 in Stealth
  1267 | D:2      | Reached skill level 1 in Shields
  1267 | D:2      | Reached skill level 1 in Unarmed Combat
  1267 | D:2      | Reached skill level 1 in Spellcasting
  1267 | D:2      | Reached skill level 1 in Evocations
  1267 | D:2      | Reached XP level 4. HP: 14/41 MP: 7/7
  1913 | D:2      | Reached skill level 1 in Conjurations
  1913 | D:2      | Reached skill level 1 in Hexes
  1913 | D:2      | Reached skill level 1 in Summonings
  1913 | D:2      | Reached skill level 1 in Necromancy
  1913 | D:2      | Reached skill level 1 in Translocations
  1913 | D:2      | Reached skill level 1 in Transmutations
  1913 | D:2      | Reached skill level 1 in Fire Magic
  1913 | D:2      | Reached skill level 1 in Ice Magic
  1913 | D:2      | Reached skill level 1 in Air Magic
  1913 | D:2      | Reached skill level 1 in Earth Magic
  1913 | D:2      | Reached skill level 1 in Poison Magic
  1957 | D:2      | Noticed a centaur
  1975 | D:2      | Killed a centaur
  1975 | D:2      | Reached XP level 5. HP: 35/47 MP: 6/8
  1986 | D:2      | Reached ** piety under Lugonu
  2074 | D:2      | You fall into a shaft and drop 1 floor!
  2227 | D:2      | Reached skill level 5 in Invocations
  2229 | D:2      | Reached XP level 6. HP: 45/53 MP: 7/9
  2599 | D:3      | Noticed Grinder
  2615 | D:3      | Killed Grinder
  2615 | D:3      | Reached skill level 5 in Axes
  2615 | D:3      | Reached skill level 5 in Armour
  2801 | D:3      | Noticed Natasha
  2804 | D:3      | Killed Natasha
  2804 | D:3      | Reached XP level 7. HP: 59/59 MP: 10/10
  2844 | D:3      | Noticed Sigmund
  2849 | D:3      | Slain by Sigmund

Illustrated notes

Levels and vault maps discovered:
D:1:      dpeg_arrival_rooms_a, layout_rooms, minmay_ruptured
D:2:      layout_loops_corners, uniq_robin
D:3:      minmay_general_purpose_star, layout_basic, lemuel_round_altar,
          minmay_stone_trees_large, uniq_sigmund, uniq_grinder, uniq_natasha

Skill      XL: |  1  2  3  4  5  6 |
---------------+-------------------+-----
Short Blades   | 1 2 |  2.2
Long Blades    | 1 2 |  2.2
Maces & Flails | 1 2 |  2.2
Polearms       | 1 2 |  2.2
Staves         | 1 2 |  2.2
Slings         | 1 2 |  2.2
Bows           | 1 2 |  2.2
Crossbows      | 1 2 |  2.2
Throwing       | 1 2 |  2.2
Stealth        | 1 2 |  2.2
Shields        | 1 2 |  2.2
Unarmed Combat | 1 2 |  2.2
Spellcasting   | 1 2 |  2.2
Evocations     | 1 2 |  2.2
Conjurations   | 1 |  1.8
Hexes          | 1 |  1.8
Summonings     | 1 |  1.8
Necromancy     | 1 |  1.8
Translocations | 1 |  1.8
Transmutations | 1 |  1.8
Fire Magic     | 1 |  1.8
Ice Magic      | 1 |  1.8
Air Magic      | 1 |  1.8
Earth Magic    | 1 |  1.8
Poison Magic   | 1 |  1.8
Dodging        | 3 |  3.4
Invocations    | 5 |  5.2
Axes           | 5 |  5.1
Armour         | 5 |  5.1
Fighting       | |  6.9

Action                   |  1- 3 |  4- 6 |  7- 9 || total
-------------------------+-------+-------+-------++-------
Melee: Hand axe          |    27 |       |       ||    27
       Bite              |    12 |    17 |     1 ||    30
       Whip              |    70 |   123 |     4 ||   197
       Punch             |     1 |     2 |       ||     3
Invok: Depart the Abyss  |     1 |       |       ||     1
  Use: Scroll            |     4 |     1 |       ||     5
Armor: Leather armour    |     2 |       |       ||     2
       Ring mail         |    33 |    41 |       ||    74
Dodge: Dodged            |    69 |    76 |     4 ||   149

Table legend: (Time is in decaauts)
 A = Elapsed time spent in this place.
 B = Non-inter-level travel time spent in this place.
 C = Inter-level travel time spent in this place.
 D = Time resting spent in this place.
 E = Time spent auto-exploring this place.
 F = Levels seen in this place.
 G = Mean time per level.
                   A        B        C        D        E       F      G
               +--------+--------+--------+--------+--------+-----+--------+
         Total |   2858 |   2776 |     82 |    182 |   1902 |   4 |  714.5 |
       Dungeon |   2766 |   2684 |     82 |    182 |   1848 |   3 |  922.0 |
         Abyss |     92 |     92 |      0 |      0 |     54 |   1 |   92.0 |
               +--------+--------+--------+--------+--------+-----+--------+

Top non-repeatable levels by time:
     D:2: 1472 daAuts
     D:1: 879 daAuts
     D:3: 414 daAuts
 Abyss:1: 92 daAuts
